 Dungeon Crawl Stone Soup version 0.32-a0-834-geaf45d8e21 (webtiles) character file.

Game seed: 1390878271192027778

255 mopl the Sneak (level 6, -4/28 HPs)
             Began as a Vine Stalker Enchanter on Mar 25, 2024.
             Slain by an ogre
             ... wielding a +0 giant spiked club
              (18 damage)
             ... on level 4 of the Dungeon.
             The game lasted 00:03:10 (1908 turns).

mopl the Sneak (Vine Stalker Enchanter)             Turns: 1908, Time: 00:03:11

Health: -4/28      AC:  2    Str: 17    XL:     6   Next: 15%
Magic:  0/12       EV: 16    Int: 17    God:
Gold:   208        SH:  0    Dex: 14    Spells: 4/12 levels left

rFire   . . .        a - +2 dagger (vamp)
rCold   . . .        (no shield)
rNeg    . . .        b - +0 robe
rPois   .            (no helmet)
rElec   .            (no cloak)
rCorr   .            (no gloves)
SInv    .            (no boots)
Will    .....        (no amulet)
Stlth   +++          i - +5 ring of evasion
HPRegen 1.04/turn    r - +6 ring of strength
MPRegen 0.13/turn

%: guardian spirit
@: very slightly contaminated
A: fangs 2, regeneration 1, magic shield, antimagic bite, no potion heal 2
a: no special abilities


You were on level 4 of the Dungeon.
You visited 1 branch of the dungeon, and saw 4 of its levels.

You collected 208 gold pieces.

Inventory:

Hand Weapons
 a - a +2 vampiric dagger (weapon)
 j - a +1 dagger
Missiles
 h - 2 poisoned darts
 s - a throwing net
Armour
 b - a +0 robe (worn)
Jewellery
 i - a +5 ring of evasion (left hand)
 r - a +6 ring of strength (right hand)
Wands
 k - a wand of warping (8)
 q - a wand of light (11)
Scrolls
 d - 2 scrolls of poison {unknown}
 f - 3 scrolls of identify {unknown}
 m - a scroll of teleportation {unknown}
 n - 2 scrolls of vulnerability {unknown}
 p - a scroll of brand weapon {unknown}
Potions
 c - 2 potions of invisibility
 e - 2 potions of enlightenment {unknown}
 g - a potion of brilliance {unknown}
 l - 3 potions of lignification {unknown}
 o - 2 potions of heal wounds {unknown}


   Skills:
 + Level 2.1 Short Blades
 - Level 1.5 Dodging
 * Level 5.5 Stealth
 * Level 3.8 Spellcasting
 * Level 4.2 Hexes


You had 4 spell levels left.
You knew the following spells:

 Your Spells              Type           Power      Damage    Failure   Level
b - Ensorcelled Hibernat  Hex/Ice        20%        N/A       10%         2
c - Confusing Touch       Hex            17%        N/A       9%          3
d - Tukima's Dance        Hex            17%        N/A       9%          3

Your spell library contained the following spells:

 Spells                   Type           Power      Damage    Failure   Level
 Freeze                   Ice            12%        1d3       16%         1
 Dazzling Flash           Conj/Hex       20%        N/A       21%         3
 Mercury Vapours          Alch/Air       6%         N/A       24%         2
 Frozen Ramparts          Ice            6%         1d1       43%         3
 Hailstorm                Conj/Ice       3%         3d5       43%         3
 Silence                  Hex/Air        5%         N/A       88%         5
 Irradiate                Conj/Alch      1%         3d12      99%         5


Dungeon Overview and Level Annotations

Branches:
Dungeon (4/15)
 Temple: D:4-7

Altars:

Shops:
D:2 [

Annotations:
D:3 3 runed translucent doors, zorb987's ghost, amateur GnRe


Innate Abilities, Weirdness & Mutations

You have extremely sharp teeth.
Your natural rate of healing is unusually fast.
When hurt, damage is shared between your health and your magic reserves.
Your bite disrupts and absorbs the magic of your enemies.
Potions cannot restore your health.


Message History

Found a stone staircase leading down.
There is a stone staircase leading down here.
An ogre comes into view. It is wielding a +0 giant spiked club.
The ogre shouts!
The ogre resists with some effort.
The ogre completely misses you.
You closely miss the ogre. You bite the ogre. You drain its power.
You feel invigorated.
The ogre is lightly wounded.
You miscast Ensorcelled Hibernation.
You are very lightly contaminated with residual magic.
Nothing appears to happen.
The ogre hits you with a +0 giant spiked club!
You hit the ogre.
The ogre is lightly wounded.
The ogre misses you.
The ogre resists with some effort.
You hit the ogre.
You feel better.
You bite the ogre. You drain its power.
You feel invigorated.
The ogre is heavily wounded.
The ogre hits you with a +0 giant spiked club!
You are too injured to fight recklessly!
You are too injured to fight recklessly!
You are too injured to fight recklessly!
You are too injured to fight recklessly!
Casting: Ensorcelled Hibernation (safe; 10% risk of failure)
Confirm with . or Enter, or press ? or * to list all spells.
Aiming: Ensorcelled Hibernation (safe; 10% risk of failure)
Press: ? - help, Shift-Dir - straight line, f/p - ogre
Aim: an ogre, wielding a +0 giant spiked club (heavily wounded, chance to affect: 44%)
The ogre resists with some effort.
Unknown command.
Casting: Ensorcelled Hibernation (safe; 10% risk of failure)
Confirm with . or Enter, or press ? or * to list all spells.
Aiming: Ensorcelled Hibernation (safe; 10% risk of failure)
Press: ? - help, Shift-Dir - straight line, f/p - ogre
Aim: an ogre, wielding a +0 giant spiked club (heavily wounded, chance to affect: 44%)
The ogre resists with some effort.
The ogre hits you with a +0 giant spiked club!!
Ouch! That really hurt!
You die...

#.# #>.
### # #
# # #.
.# #
#.###.#
#
#.O...#
# #@# #
#.# #
#.# #
#.# #
#.# #..
# #.#
#.# #
#.# #.#
# #.#
#.# #
#.# #.#


You could see an ogre.

Vanquished Creatures
  A bombardier beetle (D:3)
  A jelly (D:4)
  A hound (D:4)
  6 adders
  3 gnolls (D:4)
  3 dart slugs
  A ribbon worm (D:3)
  An orc (D:3)
  7 bats
  6 endoplasms
  4 giant cockroaches
  4 goblins
  6 hobgoblins
  6 jackals
  4 kobolds
  2 quokkas
  6 ball pythons
  A frilled lizard (D:2)
  7 rats
70 creatures vanquished.

Notes
Turn   | Place    | Note
-------+----------+-------------------------------------------
     0 | D:1      | mopl the Vine Stalker Enchanter began the quest for the
                  | Orb.
     0 | D:1      | Reached XP level 1. HP: 9/9 MP: 4/4
    97 | D:1      | Reached skill level 1 in Short Blades
   164 | D:1      | Reached XP level 2. HP: 13/13 MP: 1/6
   167 | D:1      | Learned a level 2 spell: Ensorcelled Hibernation
   260 | D:1      | Reached skill level 4 in Stealth
   505 | D:2      | Reached XP level 3. HP: 16/16 MP: 7/7
   579 | D:2      | Learned a level 3 spell: Confusing Touch
   647 | D:2      | Reached skill level 3 in Spellcasting
   647 | D:2      | Reached XP level 4. HP: 21/21 MP: 9/9
   653 | D:2      | Learned a level 3 spell: Tukima's Dance
  1113 | D:2      | Found Maopp's Armour Boutique.
  1201 | D:3      | Found a runed translucent gate.
  1201 | D:3      | Found a runed translucent gate.
  1201 | D:3      | Found a runed translucent gate.
  1206 | D:3      | Noticed zorb987's ghost (amateur GnRe)
  1214 | D:3      | Reached skill level 5 in Stealth
  1214 | D:3      | Reached XP level 5. HP: 21/24 MP: 5/11
  1350 | D:3      | Got the Parchment of Mutated Fumes
  1749 | D:4      | Reached skill level 4 in Hexes
  1768 | D:4      | Reached skill level 2 in Short Blades
  1779 | D:4      | Reached XP level 6. HP: 27/28 MP: 0/12
  1908 | D:4      | Slain by an ogre

Illustrated notes

Levels and vault maps discovered:
D:1:      lightli_arrival_isolated_outpost, layout_basic,
          minmay_misc_feat_diagonals
D:2:      layout_basic, serial_shops, shop
D:3:      layout_rooms, gammafunk_ghost_necromancy
D:4:      minmay_evil_eye, layout_loops_ring

Skill      XL: |  1  2  3  4  5 |
---------------+----------------+-----
Short Blades   | 1 2 |  2.1
Stealth        | 4 5 |  5.5
Spellcasting   | 3 |  3.8
Hexes          | 4 |  4.2
Dodging        | |  1.5

Action                     |  1- 3 |  4- 6 || total
---------------------------+-------+-------++-------
  Melee: Dagger            |    68 |   144 ||   212
         Bite              |    17 |    33 ||    50
   Cast: Ensorcelled Hiber |     1 |    11 ||    12
   Stab: Sleeping          |    10 |    11 ||    21
 Armour: Robe              |    48 |    57 ||   105
  Dodge: Dodged            |    39 |   120 ||   159

Table legend: (Time is in decaauts)
 A = Elapsed time spent in this place.
 B = Non-inter-level travel time spent in this place.
 C = Inter-level travel time spent in this place.
 D = Time resting spent in this place.
 E = Time spent auto-exploring this place.
 F = Levels seen in this place.
 G = Mean time per level.
                   A        B        C        D        E       F      G
               +--------+--------+--------+--------+--------+-----+--------+
         Total |   1896 |   1818 |     78 |     10 |   1279 |   4 |  474.0 |
       Dungeon |   1896 |   1818 |     78 |     10 |   1279 |   4 |  474.0 |
               +--------+--------+--------+--------+--------+-----+--------+

Top non-repeatable levels by time:
     D:2: 656 daAuts
     D:3: 516 daAuts
     D:1: 514 daAuts
     D:4: 209 daAuts
